 Dungeon Crawl Stone Soup version 0.29-a0-355-g7276a9ff7f (webtiles) character file.

Game seed: 15113680500057039428

4858 Dauddaud the Severer (level 10, -14/115 HPs)
             Began as a Minotaur Berserker on Apr 24, 2022.
             Was a High Priest of Trog.
             Demolished by a large slime creature (28 damage)
             ... on level 7 of the Dungeon.
             The game lasted 00:13:50 (9511 turns).

Dauddaud the Severer (Minotaur Berserker)           Turns: 9511, Time: 00:13:50

Health: -14/115    AC: 11    Str: 31    XL:     10   Next: 25%
Magic:  3/3        EV:  9    Int:  4    God:    Trog [*****.]
Gold:   436        SH:  0    Dex: 11    Spells: 9/9 levels left

rFire   + . .      SeeInvis .   B - +3 broad axe of Duhis {antimagic, rElec rF+ rN+}
rCold   . . .      Faith    +   (no shield)
rNeg    + . .      Spirit   .   f - +0 chain mail
rPois   .          Reflect  .   (helmet restricted)
rElec   +          Harm     .   y - scarf {+Inv}
rCorr   .          Rampage  .   (no gloves)
Will    .....                   F - +2 pair of boots
Stlth   ..........              g - amulet of faith
HPRegen 0.29/turn               d - ring of flight
MPRegen 0.08/turn               u - +6 ring of strength

@: berserking, flying, studying Short Blades, very quick
A: horns 2, retaliatory headbutt
a: Renounce Religion, Evoke Invisibility, Berserk, Trog's Hand, Brothers in Arms


You were on level 7 of the Dungeon.
You worshipped Trog.
Trog was extremely pleased with you.
You visited 1 branch of the dungeon, and saw 7 of its levels.
You also visited: Sewer.

You collected 436 gold pieces.

Inventory:

Hand Weapons
 a - a +0 hand axe
 n - a +0 hand axe of flaming
 B - the +3 broad axe of Duhis (weapon) {antimagic, rElec rF+ rN+}
   (Trog gifted it to you on level 4 of the Dungeon)

   It reduces the magical energy of the wielder, and disrupts the spells and
   magical abilities of those it strikes.
   Natural abilities and divine invocations are not affected.
   rF:        It protects you from fire.
   rElec:     It insulates you from electricity.
   rN:        It protects you from negative energy.
Missiles
 E - a throwing net (quivered)
Armour
 b - a +0 animal skin
 c - a +0 scale mail
 f - a +0 chain mail (worn)
 y - a scarf of invisibility (worn)
 F - a +2 pair of boots (worn)
Jewellery
 d - a ring of flight (left hand)
 g - an amulet of faith (around neck)
 j - a ring of magical power
 u - a +6 ring of strength (right hand)
 I - an amulet of reflection
Wands
 s - a wand of digging (6)
 A - a wand of polymorph (11)
 K - a wand of iceblast (6)
Scrolls
 e - 2 scrolls of silence
 l - 3 scrolls of fear
 m - 6 scrolls of identify
 p - 2 scrolls of vulnerability
 r - 7 scrolls of teleportation
 t - 3 scrolls of noise
 C - 3 scrolls of summoning
Potions
 h - 2 potions of ambrosia {unknown}
 i - 2 potions of might
 k - 4 potions of brilliance {unknown}
 o - 6 potions of magic
 q - 4 potions of curing
 v - a potion of experience {unknown}
 w - a potion of heal wounds {unknown}
 x - a potion of mutation {unknown}
 z - 2 potions of degeneration {unknown}
 D - 2 potions of flight {unknown}
 G - a potion of invisibility {unknown}
 H - a potion of resistance {unknown}
 J - a potion of lignification {unknown}


   Skills:
 - Level 3.6 Fighting
 * Level 15.3 Axes
 - Level 2.4 Armour
 - Level 2.1 Dodging
 + Level 7.4 Evocations


You had 9 spell levels left.
You didn't know any spells.
Your spell library was empty.

Dungeon Overview and Level Annotations

Branches:
Dungeon (7/15)             Temple (0/1) D:7           Sewer (visited)

Altars:
Trog
Beogh

Shops:
D:7 [


Innate Abilities, Weirdness & Mutations

You have a pair of horns on your head.
You reflexively headbutt those who attack you in melee.


Message History

You slice the slime creature!!
You kill the slime creature!
Trog accepts your kill.
The large slime creature closely misses you.
You slice the large slime creature!!
The large slime creature is lightly wounded.
A large slime creature splits.
A slime creature comes into view. x2
You barely miss the slime creature.
The slime creature is lightly wounded.
You slash the slime creature! The slime creature hits you!
You slice the slime creature!!
The slime creature is heavily wounded.
You hit the slime creature. The slime creature hits you!
The slime creature closely misses you. You furiously retaliate!
You headbutt the slime creature! You slash the slime creature!
You kill the slime creature!
Trog accepts your kill.
You slash the slime creature! The slime creature barely misses you.
You hit the slime creature. You headbutt the slime creature!
You kill the slime creature!
Trog accepts your kill. The slime creature hits you.
Two slime creatures merge to form a large slime creature.
You barely miss the large slime creature.
You headbutt the large slime creature!
The large slime creature is lightly wounded.
You barely miss the large slime creature.
You headbutt the large slime creature.
The large slime creature is lightly wounded.
The large slime creature hits you!!
* * * LOW HITPOINT WARNING * * *
You slice the large slime creature!! You headbutt the large slime creature.
The large slime creature is moderately wounded.
The large slime creature hits you but does no damage.
A red film seems to cover your vision as you go berserk!
You feel yourself moving faster!
You feel mighty! The large slime creature hits you!!
You die...

#############.#
#.# ### #.# #..
..# #.# ... ...(
#.# #.# #..# #.# #
#.# ..# :#####..
#.#J#..##
#.......#
#.#@#...##
..#####..
#........# ##...
###.#.##... #....
#..#.. ##...
##.###.###### ##.#
#.## ##.....# #.#
##.###.####.###
#.#
##.#.#.......###'#
##.##.###.#.##...


You could see a large slime creature.

Vanquished Creatures
  A two-headed ogre (D:7)
  A hornet (D:4)
  Grinder (D:4)
  3 slime creatures (D:7)
  Menkaure (D:4)
  2 water moccasins (D:7)
  2 acid dragons
  3 ice beasts
  A sky beast (D:7)
  A black bear (D:5)
  An ogre (D:5)
  2 centaurs (D:7)
  A phantom (D:7)
  3 kobold brigands
  A bullfrog (D:7)
  A necrophage (D:5)
  2 scorpions
  3 howler monkeys (D:7)
  A hound (D:4)
  3 gnoll shamans
  4 orc priests (D:5)
  5 iguanas
  5 orc wizards
  Robin (D:4)
  14 gnolls
  9 adders
  A river rat (D:6)
  2 white imps
  2 ufetubi
  2 worms
  5 dart slugs
  22 orcs
  7 ball pythons
  9 endoplasms
  12 giant cockroaches
  11 hobgoblins
  29 kobolds
  8 quokkas
  9 bats
  A frilled lizard (Sewer)
  22 goblins
  15 rats
229 creatures vanquished.

Vanquished Creatures (collateral kills)
  An unseen horror (D:7)
  An ogre (D:7)
  A phantom (D:7)
  A bullfrog (D:7)
  A jelly (D:7)
5 creatures vanquished.

Vanquished Creatures (others)
  A plant (Sewer)
1 creature vanquished.

Grand Total: 235 creatures vanquished

Notes
Turn   | Place    | Note
-------+----------+-------------------------------------------
     0 | D:1      | Dauddaud the Minotaur Berserker began the quest for the
                  | Orb.
     0 | D:1      | Reached XP level 1. HP: 19/19 MP: 0/0
   173 | D:1      | Reached skill level 4 in Axes
   397 | D:1      | Reached XP level 2. HP: 24/26 MP: 1/1
   796 | D:1      | Reached skill level 5 in Axes
   796 | D:1      | Reached ** piety under Trog
   799 | D:1      | Reached XP level 3. HP: 19/31 MP: 2/2
  1084 | D:1      | Found a faded altar of an unknown god.
  1785 | D:2      | Found a bloodstained altar of Trog.
  1999 | D:2      | Reached XP level 4. HP: 39/39 MP: 3/3
  2002 | D:2      | Reached skill level 6 in Axes
  2174 | D:2      | Reached *** piety under Trog
  2627 | D:3      | Reached skill level 7 in Axes
  2627 | D:3      | Reached XP level 5. HP: 11/45 MP: 4/4
  3479 | D:4      | You are sucked into a shaft and drop 2 floors!
  3510 | D:6      | Reached skill level 8 in Axes
  3514 | D:6      | Reached XP level 6. HP: 51/51 MP: 5/5
  3523 | D:6      | Reached skill level 1 in Evocations
  3594 | D:6      | Found a glowing drain.
  3601 | D:6      | Noticed an ice beast
  3612 | D:6      | Killed an ice beast
  3618 | Sewer    | Entered a sewer
  3704 | Sewer    | Reached **** piety under Trog
  3761 | Sewer    | Reached skill level 9 in Axes
  3761 | Sewer    | Reached XP level 7. HP: 40/57 MP: 6/6
  4087 | D:5      | Entered Level 5 of the Dungeon
  4451 | D:4      | Reached ***** piety under Trog
  4632 | D:4      | Noticed Grinder
  4645 | D:4      | Killed Grinder
  4646 | D:4      | Reached skill level 10 in Axes
  4769 | D:4      | Noticed Robin
  4776 | D:4      | Killed Robin
  4785 | D:4      | Identified the +3 broad axe of Duhis {antimagic, rElec rF+
                  | rN+} (Trog gifted it to you on level 4 of the Dungeon)
  4785 | D:4      | Received a gift from Trog
  5227 | D:4      | Noticed Menkaure
  5232 | D:4      | Killed Menkaure
  5233 | D:4      | Reached XP level 8. HP: 64/64 MP: 2/7
  5263 | D:4      | Noticed a hornet
  5273 | D:4      | Killed a hornet
  5274 | D:4      | Reached skill level 11 in Axes
  6159 | D:5      | Reached skill level 12 in Axes
  6464 | D:5      | Reached skill level 5 in Evocations
  7106 | D:6      | Reached XP level 9. HP: 47/70 MP: 2/8
  7672 | D:7      | Reached skill level 13 in Axes
  8116 | D:7      | Found a staircase to the Ecumenical Temple.
  8120 | D:7      | Found Jakeotoh's Antique Armour Emporium.
  8438 | D:7      | Noticed a two-headed ogre
  8444 | D:7      | Killed a two-headed ogre
  8445 | D:7      | Reached skill level 14 in Axes
  8446 | D:7      | Killed an unseen horror
  8460 | D:7      | Reached XP level 10. HP: 26/77 MP: 3/9
  9329 | D:7      | Reached skill level 15 in Axes
  9511 | D:7      | Demolished by a large slime creature

Illustrated notes

Levels and vault maps discovered:
D:1:      amcnicky_arrival_abandoned_market, layout_loops_cross,
          hellmonk_ecumenical_altar_defaced_shrine, minmay_split_cup_large
D:2:      layout_loops_corners, basic_altar, chequers_serial_rivers_micro_d
D:3:      layout_rooms, columned_hall_lemuel
D:4:      layout_basic, uniq_menkaure, uniq_robin, uniq_grinder
D:5:      layout_loops_ring, small_statue_intersection, minmay_ogre_servants
D:6:      layout_basic, portal_sewer_entry_a
D:7:      minmay_octagon_keep, layout_loops_corners, temple_statues,
          serial_shops, shop

Skill      XL: |  1  2  3  4  5  6  7  8  9 10 |
---------------+-------------------------------+-----
Axes           | 4 5 7 8 9 10 12 14 15 | 15.3
Evocations     | 2 3 5 6 7 |  7.4
Fighting       | |  3.6
Armour         | |  2.4
Dodging        | |  2.1

Action                   |  1- 3 |  4- 6 |  7- 9 | 10-12 || total
-------------------------+-------+-------+-------+-------++-------
Melee: Hand axe          |   114 |   106 |    81 |       ||   301
       Headbutt          |    16 |    14 |    29 |     8 ||    67
       Punch             |     1 |     1 |     2 |     2 ||     6
       Broad axe         |       |       |   163 |    37 ||   200
Invok: Trog's Hand       |       |       |     3 |       ||     3
       Berserk           |       |       |     2 |     1 ||     3
       Brothers in Arms  |       |       |     1 |       ||     1
  Use: Scroll            |       |     5 |     1 |       ||     6
       Potion            |       |       |     2 |       ||     2
Armor: Scale mail        |     6 |       |       |       ||     6
       Animal skin       |     2 |       |       |       ||     2
       Chain mail        |    40 |    42 |   111 |    17 ||   210
Dodge: Dodged            |    37 |    53 |   106 |    18 ||   214

Table legend: (Time is in decaauts)
 A = Elapsed time spent in this place.
 B = Non-inter-level travel time spent in this place.
 C = Inter-level travel time spent in this place.
 D = Time resting spent in this place.
 E = Time spent auto-exploring this place.
 F = Levels seen in this place.
 G = Mean time per level.
                   A        B        C        D        E       F      G
               +--------+--------+--------+--------+--------+-----+--------+
         Total |   9511 |   9163 |    348 |   2449 |   5489 |   8 | 1188.9 |
       Dungeon |   9076 |   8728 |    348 |   2398 |   5226 |   7 | 1296.6 |
         Sewer |    434 |    434 |      0 |     51 |    263 |   1 |  434.0 |
               +--------+--------+--------+--------+--------+-----+--------+

Top non-repeatable levels by time:
     D:4: 1775 daAuts
     D:7: 1717 daAuts
     D:1: 1522 daAuts
     D:5: 1162 daAuts
     D:3: 1000 daAuts
     D:6: 951 daAuts
     D:2: 947 daAuts
   Sewer: 434 daAuts
